 Dungeon Crawl Stone Soup version 0.29-a0-384-g6960b1960d (webtiles) character file.

Game seed: 11693580128243449915

39 jlumianski the Skirmisher (level 3, -5/29 HPs)
             Began as a Demonspawn Fighter on May 7, 2022.
             Slain by Natasha (6 damage)
             ... on level 2 of the Dungeon.
             The game lasted 00:03:54 (1122 turns).

jlumianski the Skirmisher (Demonspawn Fighter)      Turns: 1122, Time: 00:03:54

Health: -5/29      AC:  9    Str: 18    XL:     3   Next: 28%
Magic:  3/3        EV:  9    Int:  9    God:
Gold:   45         SH:  9    Dex: 12    Spells: 2/2 levels left

rFire   . . .      SeeInvis .   a - +0 war axe
rCold   . . .      Faith    .   c - +0 buckler
rNeg    . . .      Spirit   .   b - +0 scale mail
rPois   .          Reflect  +   (no helmet)
rElec   .          Harm     .   (no cloak)
rCorr   .          Rampage  .   (no gloves)
Will    ++...      Rage     1%  m - +0 pair of boots
Stlth   ..........              g - amulet of reflection
HPRegen 0.09/turn               i - ring of wizardry
MPRegen 0.08/turn               l - ring of willpower

@: mighty
A: hooves 2, thin metallic scales 1, berserk 1, strong-willed 1
a: no special abilities


You were on level 2 of the Dungeon.
You visited 1 branch of the dungeon, and saw 3 of its levels.

You collected 45 gold pieces.

Inventory:

Hand Weapons
 a - a +0 war axe (weapon)
Missiles
 e - 77 stones (quivered)
 j - 4 poisoned darts
Armour
 b - a +0 scale mail (worn)
 c - a +0 buckler (worn)
 m - a +0 pair of boots (worn)
Jewellery
 g - an amulet of reflection (around neck)
 i - a ring of wizardry (left hand)
 l - a ring of willpower (right hand)
Potions
 f - a potion of magic
 n - a potion of haste {unknown}


   Skills:
 + Level 3.2 Fighting
 + Level 2.3 Axes
 + Level 3.0 Armour
 + Level 0.8 Stealth
 + Level 2.9 Shields


You had 2 spell levels left.
You didn't know any spells.
Your spell library contained the following spells:

 Spells                   Type           Power      Damage    Failure   Level
 Sandblast                Erth           0%         2d4       52%         1
 Passwall                 Tmut/Erth      0%         N/A       65%         2
 Stone Arrow              Conj/Erth      0%         3d7       86%         3
 Olgreb's Toxic Radiance  Pois           0%         N/A       99%         4
 Blade Hands              Tmut           0%         N/A       100%        5
 Irradiate                Conj/Tmut      0%         3d13      100%        5
 Dragon Form              Tmut           0%         N/A       100%        7
 Ozocubu's Refrigeration  Ice            0%         4d5       100%        7
 Ignition                 Fire           0%         3d3       100%        8


Dungeon Overview and Level Annotations

Branches:
Dungeon (3/15)

Altars:

Annotations:
D:2 Natasha


Innate Abilities, Weirdness & Mutations

You have hoof-like feet.
You are partially covered in thin metallic scales. (AC +2)
You tend to lose your temper in combat.
You are strong-willed. (Will+)


Message History

The crimson imp hits you but does no damage.
You barely miss the crimson imp.
The crimson imp blinks!
Natasha claws you.
You hit Natasha but do no damage. Natasha barely misses you.
The crimson imp blinks!
Natasha barely misses you.
You closely miss Natasha. Natasha claws you!
You barely miss Natasha.
Natasha stares at you and mumbles some strange words.
The magic dart hits you!
* * * LOW HITPOINT WARNING * * *
Natasha claws you but does no damage.
You closely miss Natasha. You block Natasha's attack.
You feel very mighty all of a sudden. Natasha claws you.
* * * LOW HITPOINT WARNING * * *
You closely miss Natasha. You barely miss the crimson imp.
Natasha barely misses you. You block the crimson imp's attack.
Natasha barely misses you.
You barely miss Natasha. You closely miss the crimson imp.
The crimson imp hits you but does no damage.
Natasha casts a spell at you. The magic dart hits you.
* * * LOW HITPOINT WARNING * * *
The crimson imp summons a swarm of flies.
The crimson imp blinks!
You closely miss Natasha. Natasha claws you.
* * * LOW HITPOINT WARNING * * *
You block Natasha's attack.
You closely miss Natasha. Natasha claws you but does no damage.
Unknown command.
You barely miss Natasha. Natasha claws you but does no damage.
As you read the scroll labelled FUREPO WICO, it crumbles to dust.
The creatures around you are filled with an inner flame!
It was a scroll of immolation.
Natasha claws you.
* * * LOW HITPOINT WARNING * * *
It was a potion of mutation.
You feel extremely strange.
You feel a little pissed off.
Your feet thicken and deform.
You feel strong-willed. Natasha claws you.
You die...

#.# #.# #.# ..# ..#
### .## .# .###
.#..... .#.##.#
.############
.#.##.#
.....5h@....# #
)#.##.#
###########.###.##.
†#.##.#
######.........
.#.##.#
#..............
.#....#
#.###.)####.###
....#.# #.# #..# .#
......########.#
#..# #
..#.#.......##.#
#..#
...........>##.#
#..#


You could see Natasha (inner flame) and a crimson imp (summoned, inner flame).

Vanquished Creatures
  An adder (D:2)
  A dart slug (D:1)
  4 ball pythons
  A bat (D:1)
  2 endoplasms
  4 goblins
  3 hobgoblins
  A quokka (D:2)
  2 frilled lizards
  2 kobolds (D:1)
  6 rats
27 creatures vanquished.

Notes
Turn   | Place    | Note
-------+----------+-------------------------------------------
     0 | D:1      | jlumianski the Demonspawn Fighter began the quest for the
                  | Orb.
     0 | D:1      | Reached XP level 1. HP: 18/18 MP: 1/1
   239 | D:1      | Gained mutation: You are partially covered in thin metallic
                  | scales. (AC +2) [demonic ancestry]
   239 | D:1      | Reached XP level 2. HP: 18/24 MP: 2/2
   987 | D:2      | Gained mutation: You have large cloven feet. [demonic
                  | ancestry]
   987 | D:2      | Reached XP level 3. HP: 29/29 MP: 3/3
  1106 | D:2      | Noticed Natasha
  1118 | D:2      | HP: 1/29 [Natasha (3)]
  1122 | D:2      | Gained mutation: You tend to lose your temper in combat.
                  | [potion of mutation]
  1122 | D:2      | Gained mutation: You have hoof-like feet. [potion of
                  | mutation]
  1122 | D:2      | Gained mutation: You are strong-willed. (Will+) [potion of
                  | mutation]
  1122 | D:2      | Slain by Natasha

Illustrated notes

Levels and vault maps discovered:
D:1:      dpeg_arrival_pits, layout_rooms
D:2:      layout_loops_ring, ebering_ecumenical_altar_sacrificial,
          minmay_misc_feat_five, chequers_decorated_corner, uniq_natasha
D:3:      layout_loops_corners, serial_undead, serial_undead_f, serial_undead_e,
          serial_undead_f, serial_undead_f

Skill      XL: |  1  2 |
---------------+-------+-----
Axes           | 2 |  2.3
Armour         | 3 |  3.0
Fighting       | |  3.2
Stealth        | |  0.8
Shields        | |  2.9

Action                   || total
-------------------------++-------
Melee: War axe           ||    62
       Kick              ||     2
Throw: Stone             ||     5
  Use: Scroll            ||     3
       Potion            ||     2
Armor: Scale mail        ||    29
Dodge: Dodged            ||    17
Block: Buckler           ||    18

Table legend: (Time is in decaauts)
 A = Elapsed time spent in this place.
 B = Non-inter-level travel time spent in this place.
 C = Inter-level travel time spent in this place.
 D = Time resting spent in this place.
 E = Time spent auto-exploring this place.
 F = Levels seen in this place.
 G = Mean time per level.
                   A        B        C        D        E       F      G
               +--------+--------+--------+--------+--------+-----+--------+
         Total |   1150 |   1102 |     48 |      0 |    730 |   3 |  383.3 |
       Dungeon |   1150 |   1102 |     48 |      0 |    730 |   3 |  383.3 |
               +--------+--------+--------+--------+--------+-----+--------+

Top non-repeatable levels by time:
     D:1: 678 daAuts
     D:2: 413 daAuts
     D:3: 57 daAuts
